 Dungeon Crawl Stone Soup version 0.31.0-32-g396128a36d (webtiles) character file.

Game seed: 4600602032427272790

140 jagang the Slasher (level 5, -3/42 HPs)
             Began as a Human Monk on Mar 20, 2024.
             Slain by Grinder (4 damage)
             ... on level 3 of the Dungeon.
             The game lasted 00:03:53 (2049 turns).

jagang the Slasher (Human Monk)                     Turns: 2049, Time: 00:03:55

Health: -3/42      AC: 13    Str: 12    XL:     5   Next: 22%
Magic:  5/5        EV:  3    Int: 10    God:
Gold:   119        SH:  0    Dex: 23    Spells: 4/4 levels left

rFire   + . .        n - +0 long sword
rCold   . . .        d - orb {light}
rNeg    . . .        i - +2 plate armour {rF+}
rPois   .            (no helmet)
rElec   .            o - +0 cloak
rCorr   .            (no gloves)
SInv    +            (no boots)
Will    .....        (no amulet) Stlth
                     h - ring of see invisible
HPRegen 0.27/turn    j - +6 ring of dexterity
MPRegen 0.09/turn

%: no passive effects
@: glowing
A: explore regen
a: no special abilities


You were on level 3 of the Dungeon.
You visited 1 branch of the dungeon, and saw 3 of its levels.

You collected 119 gold pieces.

Inventory:

Hand Weapons
 n - a +0 long sword (weapon)
Missiles
 l - 6 curare-tipped darts (quivered)
Armour
 d - an orb of light (worn)
 i - a +2 plate armour of fire resistance (worn)
 o - a +0 cloak (worn)
Jewellery
 h - a ring of see invisible (left hand)
 j - a +6 ring of dexterity (right hand)
Scrolls
 a - a scroll of noise {unknown}
 p - 3 scrolls of silence {unknown}
Potions
 b - 3 potions of curing {unknown}
 c - a potion of ambrosia
 e - a potion of brilliance {unknown}
 f - 2 potions of heal wounds {unknown}
 g - 3 potions of invisibility {unknown}
 k - a potion of mutation {unknown}
 m - 3 potions of degeneration {unknown}


   Skills:
 + Level 4.0 Fighting
 * Level 4.8 Long Blades
 + Level 1.1 Throwing
 - Level 3.0 Dodging


You had 4 spell levels left.
You didn't know any spells.
Your spell library was empty.

Dungeon Overview and Level Annotations

Branches:
Dungeon (3/15)

Altars:
Xom

Annotations:
D:3 Grinder


Innate Abilities, Weirdness & Mutations

You regain HP and MP as you explore.


Message History

Grinder gestures at you.
You suddenly lose the ability to move!
Grinder hits you.
You hear the slow rusting of a drain very nearby.
Grinder blinks!
You can move again.
Unknown command.
You hit Grinder.
Grinder is moderately wounded.
Grinder hits you but does no damage.
You hit Grinder.
Grinder is moderately wounded.
Grinder hits you but does no damage.
You barely miss Grinder.
Grinder is moderately wounded.
Grinder hits you.
You barely miss Grinder.
Grinder is moderately wounded.
Grinder hits you but does no damage.
You hit Grinder.
Grinder is heavily wounded.
Grinder hits you.
You writhe in agony.
You hit Grinder.
Grinder is heavily wounded.
Grinder hits you.
You writhe in agony.
Grinder hits you but does no damage.
You hit Grinder.
Grinder is severely wounded.
Grinder hits you.
* * * LOW HITPOINT WARNING * * *
You writhe in agony.
* * * LOW HITPOINT WARNING * * *
You hit Grinder but do no damage.
Grinder is severely wounded.
Grinder barely misses you.
You closely miss Grinder.
Grinder is severely wounded.
Grinder hits you!
* * * LOW HITPOINT WARNING * * *
You writhe in agony.
You die...
Grinder says, "Now the real fun starts!"

#.#####.# #.......#
#.####### ##'## ##
##...## #..
##.....## #...
##.......#
##....###.........#
#......@5.........+
##....###.........#
##.# ##.....$.## #
##.....## ##...##
#+##


You could see Grinder.

Vanquished Creatures
  Crazy Yiuf (D:2)
  Terence (D:2)
  3 adders (D:2)
  2 endoplasms
  4 giant cockroaches
  8 hobgoblins
  5 jackals (D:2)
  4 kobolds
  A quokka (D:2)
  4 ball pythons
  13 bats
  3 frilled lizards (D:1)
  7 rats
56 creatures vanquished.

Notes
Turn   | Place    | Note
-------+----------+-------------------------------------------
     0 | D:1      | jagang the Human Monk began the quest for the Orb.
     0 | D:1      | Reached XP level 1. HP: 18/18 MP: 1/1
   172 | D:1      | Reached XP level 2. HP: 17/24 MP: 2/2
   624 | D:1      | Reached XP level 3. HP: 29/29 MP: 3/3
  1109 | D:2      | Found a faded altar of an unknown god.
  1120 | D:2      | Noticed Terence
  1127 | D:2      | Killed Terence
  1128 | D:2      | Reached XP level 4. HP: 22/37 MP: 4/4
  1739 | D:2      | Found a runed translucent door.
  1740 | D:2      | Noticed Crazy Yiuf
  1746 | D:2      | Killed Crazy Yiuf
  1747 | D:2      | Reached skill level 1 in Throwing
  1747 | D:2      | Reached XP level 5. HP: 30/42 MP: 5/5
  1900 | D:3      | Found a shimmering altar of Xom.
  2032 | D:3      | Noticed Grinder
  2036 | D:3      | Paralysed by Grinder for 5 turns
  2049 | D:3      | HP: 1/42 [Grinder (8)]
  2049 | D:3      | Slain by Grinder

Illustrated notes

Levels and vault maps discovered:
D:1:      sevenhm_arrival_forest_fort_large_1, layout_basic
D:2:      layout_loops_corners, ebering_ecumenical_altar_box, uniq_terence,
          uniq_crazy_yiuf_cottage
D:3:      layout_loops_corners, xom_teletrap_fun, portal_sewer_entry_d,
          uniq_natasha, uniq_grinder

Skill      XL: |  1  2  3  4 |
---------------+-------------+-----
Long Blades    | 4 |  4.8
Fighting       | 4 |  4.0
Throwing       | 1 |  1.1
Dodging        | |  3.0

Action                     |  1- 3 |  4- 6 || total
---------------------------+-------+-------++-------
  Melee: Falchion          |    70 |       ||    70
         Long sword        |    13 |    58 ||    71
  Throw: Dart              |     1 |       ||     1
 Armour: Robe              |    33 |       ||    33
         Plate armour      |    65 |    65 ||   130
  Dodge: Dodged            |    53 |     9 ||    62
